 Dungeon Crawl Stone Soup version 0.30.0-10-gfe55d96785 (webtiles) character file.

Game seed: 10051781610708625013

45 hawla the Grave Robber (level 4, -5/33 HPs)
             Began as a Meteoran Necromancer on May 14, 2023.
             Slain by a gnoll
             ... wielding a +0 halberd
              (13 damage)
             ... on level 3 of the Dungeon.
             The game lasted 00:02:33 (283 turns).

hawla the Grave Robber (Meteoran Necromancer)        Turns: 283, Time: 00:02:33

Health: -5/33      AC:  2    Str:  9    XL:     4   Next: 12%
Magic:  5/9        EV: 12    Int: 19    God:
Gold:   48         SH:  0    Dex: 14    Spells: 1/9 levels left

rFire   . . .        g - +0 flail
rCold   . . .        (no shield)
rNeg    . . .        a - +0 robe
rPois   .            (no helmet)
rElec   .            (no cloak)
rCorr   .            (no gloves)
SInv    .            (no boots)
Will    .....        (no amulet)
Stlth   +            (no ring)
HPRegen 0.25/turn    (no ring)
MPRegen 0.11/turn

%: no passive effects
@: confused, weak-willed, ambrosia-drunk, animating dead, very slightly
contaminated, glowing
A: sense surroundings 1, otherworldly, glowing, explore regen
a: no special abilities


You were on level 3 of the Dungeon.
You visited 1 branch of the dungeon, and saw 3 of its levels.

You collected 48 gold pieces.

Inventory:

Hand Weapons
 g - a +0 flail (weapon)
Armour
 a - a +0 robe (worn)
Scrolls
 k - a scroll of teleportation {unknown}
Potions
 b - a potion of invisibility {unknown}
 f - a potion of might {unknown}
 i - a potion of brilliance {unknown}


   Skills:
 - Level 0.2 Maces & Flails
 - Level 2.5 Dodging
 - Level 1.4 Stealth
 - Level 3.3 Spellcasting
 + Level 5.4 Necromancy


You had one spell level left.
You knew the following spells:

 Your Spells              Type           Power      Damage    Failure   Level
a - Necrotise             Necr           92%        1d8       1%          1
b - Vampiric Draining     Necr           23%        2d7       4%          3
c - Animate Dead          Necr           23%        N/A       16%         4

Your spell library contained the following spells:

 Spells                   Type           Power      Damage    Failure   Level
 Agony                    Necr           23%        N/A       41%         5


Dungeon Overview and Level Annotations

Branches:
Dungeon (3/15) Zot: 1494

Altars:


Innate Abilities, Weirdness & Mutations

You passively map a small area around you.
You are easily found by Zot.
You glow in the dark.
You regain HP and MP as you explore.


Message History

Your butterfly dies!
Your butterfly disappears in a burst of colours!
The gnoll hits you with a +0 club.
The gnoll closely misses your butterfly.
The gnoll barely misses your butterfly.
You hit the gnoll but do no damage.
The gnoll is lightly wounded.
The giant cockroach bites your butterfly.
Your butterfly dies!
Your butterfly disappears in a burst of colours!
The gnoll hits you with a +0 club!
The gnoll hits your butterfly with a +0 halberd!
Your butterfly dies!
Your butterfly disappears in a burst of colours!
The gnoll hits your butterfly with a +0 halberd!
Your butterfly dies!
Your butterfly disappears in a burst of colours!
The giant cockroach misses your butterfly.
You hit the gnoll.
The gnoll is heavily wounded.
The gnoll completely misses your butterfly.
The gnoll hits you with a +0 club.
* * * LOW HITPOINT WARNING * * *
The giant cockroach barely misses your butterfly.
The giant cockroach closely misses your butterfly.
The gnoll closely misses your butterfly.
It was a potion of curing.
You feel better.
Your butterfly disappears in a burst of colours!
A gnoll comes into view. It is wielding a +0 club.
The giant cockroach barely misses your butterfly.
The gnoll hits you with a +0 club.
The gnoll hits you from afar with a +0 halberd!
* * * LOW HITPOINT WARNING * * *
The gnoll barely misses your butterfly.
It was a potion of ambrosia.
You are confused.
You feel invigorated.
The giant cockroach misses your butterfly.
The gnoll hits you from afar with a +0 halberd!
You die...

,* #.# ,,, .. *
##.######.. * #.....b..g.
,
###+##########..bb.b....
,
#............'..bbbbB.b.,
#......#######.bbbgbbb..
* #........# #..g.bbb...
#........# #.....bb...
#........# #..@g....## *
* ###......# ##########
#......# *,, #......## ,
##......# * ######.##
#..#### , ##....# ####.#
*


You could see 4 gnolls and a giant cockroach (weak-willed, ally target).

Vanquished Creatures
  3 gnolls (D:2)
  2 dart slugs (D:3)
  A bat (D:3)
  A giant cockroach (D:3)
  2 goblins
  A hobgoblin (D:3)
  A quokka (D:3)
  3 rats
14 creatures vanquished.

Notes
Turn   | Place    | Note
-------+----------+-------------------------------------------
     0 | D:1      | hawla the Meteoran Necromancer began the quest for the Orb.
     0 | D:1      | Reached XP level 1. HP: 14/14 MP: 5/5
    75 | D:2      | Reached XP level 2. HP: 20/20 MP: 1/6
    79 | D:2      | Reached skill level 5 in Necromancy
    79 | D:2      | Reached XP level 3. HP: 17/26 MP: 6/8
    85 | D:2      | Learned a level 3 spell: Vampiric Draining
   231 | D:3      | Reached XP level 4. HP: 28/33 MP: 7/9
   276 | D:3      | Learned a level 4 spell: Animate Dead
   283 | D:3      | Slain by a gnoll

Illustrated notes

Levels and vault maps discovered:
D:1:      dpeg_arrival_court, layout_loops_corners
D:2:      layout_rooms, wander_ebering_terrifying_dragon_lair
D:3:      layout_basic

Skill      XL: |  1  2  3 |
---------------+----------+-----
Necromancy     | 5 |  5.4
Spellcasting   | 3 |  3.3
Maces & Flails | |  0.2
Dodging        | |  2.5
Stealth        | |  1.4

Action                     |  1- 3 |  4- 6 || total
---------------------------+-------+-------++-------
  Melee: Flail             |     3 |    10 ||    13
   Cast: Necrotise         |    25 |     4 ||    29
         Animate Dead      |       |     1 ||     1
    Use: Potion            |     1 |     2 ||     3
         Scroll            |       |     3 ||     3
 Armour: Robe              |     3 |     1 ||     4
  Dodge: Dodged            |     7 |    10 ||    17
